[Event "Frauenbundesliga 2024-25"]
[Site "Germany"]
[Date "2025.01.26"]
[Round "4.12"]
[White "Rosmait, Emily"]
[Black "Schuster, Rebekka"]
[Result "1-0"]
[Annotator "TA"]
[ECO "C06"]
[WhiteElo "1965"]
[BlackElo "1857"]
[PlyCount "57"]
[EventDate "2024.11.06"]
[EventType "team-tourn"]
[EventCountry "GER"]
[SourceTitle "playchess.com"]
[Source "ChessBase"]
[SourceQuality "1"]
[TimeControl "40/5400+30:1800+30"]

1. e4 e6 2. d4 d5 3. Nd2 Nf6 4. e5 Nfd7 5. Bd3 c5 6. c3 Nc6 7. Ne2 cxd4 8. cxd4 f6 9. exf6 Nxf6 10. O-O Bd6 11. Nf3 Qc7 12. h3 O-O 13. Be3 {[%emt 0:02:06] C06: French Tarrasch: 3...Nf6 4 e5 Nfd7 5 Bd3 main lines.} Nh5 14. Nc3 a6 {[%emt 0:00:18] [#]} ({Black should try} 14... Bf4 $14) 15. Ng5 (15. Bxh7+ $1 $16 Kxh7 16. Ng5+ Kg6 17. Qc2+ Kf6 (17... Rf5 18. g4 $16) 18. Qh7) 15... g6 $11 16. Rc1 $146 (16. Nf3 Nf4 17. Bxf4 Bxf4 18. Ne2 Bd6 19. Rc1 Qg7 20. Bb1 Bd7 21. a3 Na5 22. Ba2 {½-½ Vardakas,G (1739)-Malataras,G (1570) GRE-ch U12 Rio Achaia 2015 (7.3)}) 16... Nf4 17. Bb1 Qe7 18. h4 Qf6 $2 {[%emt 0:06:28] This move loses the game for Black.} (18... Bd7 $1 $11 {and Black stays safe.}) 19. g3 $18 Nh5 (19... h6 {was necessary.}) 20. Nxh7 $1 Qg7 (20... Kxh7 $142 21. Qxh5+ Kg7 22. Qh6+ Kg8) 21. Nxf8 Kxf8 22. Qf3+ Kg8 {[%emt 0:00:43] [#]} 23. Nxd5 $1 {[%emt 0:03:23][%cal Bc3d5,Bd5f6,Bf6e8,Be8g7][%mdl 32] aiming for Nb6.} Nxd4 (23... Bd7 24. Nb6) 24. Bxd4 Qxd4 25. Rfd1 Qxb2 26. Bxg6 {[%emt 0:00:54] Qf7+ would kill now.} Ng7 27. Nf6+ {[%emt 0:05:01] White mates.} Kh8 28. Ne8 Ba3 29. Nxg7 {[%emt 0:01:45] Weighted Error Value: White=0.29 (precise) /Black=1.48  Loses game:     	---       	Black=1      Mistake:       	White=1     	Black=3      Inaccurate:     	---       	Black=1      OK:         	White=5     	Black=2      Best:        	White=2     	---        Strong:       	White=1     	---} 1-0

[Event "Frauenbundesliga 2024-25"]
[Site "Germany"]
[Date "2025.02.15"]
[Round "5.1"]
[White "Maltsevskaya, Aleksandra"]
[Black "Klek, Hanna Marie"]
[Result "1-0"]
[Annotator "ChessBase"]
[ECO "C90"]
[WhiteElo "2371"]
[BlackElo "2289"]
[PlyCount "95"]
[EventDate "2024.11.06"]
[EventType "team-tourn"]
[EventCountry "GER"]
[SourceTitle "playchess.com"]
[Source "ChessBase"]
[SourceQuality "1"]
[TimeControl "40/5400+30:1800+30"]

1. e4 e5 2. Nf3 Nc6 3. Bb5 a6 4. Ba4 Nf6 5. O-O Be7 6. Re1 b5 7. Bb3 d6 8. a4 Bd7 9. c3 Na5 10. Bc2 c5 11. d4 cxd4 12. cxd4 Nc6 13. axb5 axb5 14. Rxa8 Qxa8 15. Nc3 Bg4 16. Nxb5 O-O 17. Ba4 Ne8 18. dxe5 dxe5 19. Nc3 Nd4 20. Nd5 Bc5 21. b4 Ba7 22. Be3 Nd6 23. Bxd4 Bxd4 24. Bc6 Qa7 25. Ne3 Bxf3 26. Qxf3 Qa2 27. Nd5 Kh8 28. g4 Qc2 29. b5 Rb8 30. Kg2 Kg8 31. Re2 Qc4 32. Ne7+ Kf8 33. Bd5 Qc7 34. Nc6 Rxb5 35. Nxd4 exd4 36. e5 Qc5 37. Bc6 d3 38. Ra2 Qxe5 39. Ra8+ Ke7 40. Bxb5 Qxb5 41. Ra3 f5 42. Rxd3 fxg4 43. Qe3+ Kd7 44. Qd4 Qc6+ 45. Kg1 Ke6 46. Re3+ Kf7 47. Qf4+ Kg8 48. Re6 1-0

[Event "Frauenbundesliga 2024-25"]
[Site "Germany"]
[Date "2025.02.15"]
[Round "5.1"]
[White "Antolak, Julia"]
[Black "Voicu-Jagodzinsky, Carmen"]
[Result "1-0"]
[Annotator "ChessBase"]
[ECO "D58"]
[WhiteElo "2305"]
[BlackElo "2217"]
[PlyCount "115"]
[EventDate "2024.11.06"]
[EventType "team-tourn"]
[EventCountry "GER"]
[SourceTitle "playchess.com"]
[Source "ChessBase"]
[SourceQuality "1"]
[TimeControl "40/5400+30:1800+30"]

1. d4 Nf6 2. c4 e6 3. Nc3 d5 4. Bg5 Be7 5. e3 O-O 6. Nf3 h6 7. Bh4 b6 8. Bd3 Bb7 9. O-O Nbd7 10. cxd5 Nxd5 11. Nxd5 Bxh4 12. Nxc7 Bxf2+ 13. Rxf2 Qxc7 14. Qe2 Rac8 15. Raf1 Qd6 16. Bb1 Rc7 17. e4 e5 18. Nh4 exd4 19. Nf5 Qe5 20. Qg4 Kh8 21. Qh3 Qf6 22. e5 Qg5 23. Nxd4 Rc1 24. Bd3 Nc5 25. e6 Rxf1+ 26. Bxf1 Qe5 27. Nf5 Qxe6 28. Qg3 Qg6 29. Qxg6 fxg6 30. Ne7 Rxf2 31. Kxf2 g5 32. Ke3 Nd7 33. g3 Ne5 34. Be2 g6 35. Kd4 Nc6+ 36. Nxc6 Bxc6 37. Ke5 Kg7 38. Kd6 Be4 39. Kc7 Kf6 40. Kb8 a5 41. Kc7 a4 42. Kxb6 Kf5 43. Bd1 h5 44. Bxa4 Kg4 45. Bc6 Bxc6 46. Kxc6 Kh3 47. b4 Kxh2 48. b5 h4 49. gxh4 gxh4 50. b6 g5 51. b7 g4 52. b8=Q+ g3 53. Kd5 h3 54. Ke4 Kg2 55. Qb2+ Kg1 56. Kf3 g2 57. Qc1+ Kh2 58. Ke4 1-0

[Event "Frauenbundesliga 2024-25"]
[Site "Germany"]
[Date "2025.02.15"]
[Round "5.1"]
[White "Rogule, Laura"]
[Black "Wagner, Dinara"]
[Result "0-1"]
[Annotator "ChessBase"]
[ECO "E04"]
[WhiteElo "2239"]
[BlackElo "2435"]
[PlyCount "76"]
[EventDate "2024.11.06"]
[EventType "team-tourn"]
[EventCountry "GER"]
[SourceTitle "playchess.com"]
[Source "ChessBase"]
[SourceQuality "1"]
[TimeControl "40/5400+30:1800+30"]

1. d4 Nf6 2. Nf3 d5 3. c4 e6 4. g3 dxc4 5. Bg2 Nbd7 6. Nbd2 b5 7. a4 c6 8. e4 Be7 9. O-O h6 10. d5 cxd5 11. exd5 exd5 12. Nd4 Bc5 13. Re1+ Kf8 14. Nxb5 Rb8 15. Nxc4 dxc4 16. Bf4 Bb7 17. Bd6+ Bxd6 18. Qxd6+ Kg8 19. Bxb7 Rxb7 20. Re7 Rb6 21. Qa3 a6 22. Nd4 Nd5 23. Re2 Qf6 24. Rd1 Kh7 25. a5 Rb7 26. Qa4 Nb4 27. Nc2 Nc5 28. Qa3 Nbd3 29. Ne3 Qf3 30. Rdd2 Ne4 31. Nxc4 Nxd2 32. Rxd2 Ne1 33. Ne3 Re8 34. Qc3 Qe4 35. Rd6 Nf3+ 36. Kf1 Nxh2+ 37. Ke2 Qf3+ 38. Ke1 Rbe7 0-1

[Event "Frauenbundesliga 2024-25"]
[Site "Germany"]
[Date "2025.02.15"]
[Round "5.2"]
[White "Narva, Mai"]
[Black "Berzina, Ilze"]
[Result "1/2-1/2"]
[Annotator "ChessBase"]
[ECO "C60"]
[WhiteElo "2384"]
[BlackElo "2197"]
[PlyCount "70"]
[EventDate "2024.11.06"]
[EventType "team-tourn"]
[EventCountry "GER"]
[SourceTitle "playchess.com"]
[Source "ChessBase"]
[SourceQuality "1"]
[TimeControl "40/5400+30:1800+30"]

1. e4 e5 2. Nf3 Nc6 3. Bb5 g6 4. c3 Bg7 5. d4 exd4 6. cxd4 a6 7. Ba4 b5 8. Bb3 Na5 9. O-O Nxb3 10. Qxb3 Ne7 11. d5 d6 12. Bd2 O-O 13. Bc3 Bd7 14. Bxg7 Kxg7 15. Nc3 h6 16. Rac1 g5 17. Ne2 Rc8 18. Ng3 Ng6 19. Qa3 Nf4 20. Nd4 Qf6 21. Ngf5+ Kh7 22. Rc2 Nxd5 23. exd5 Bxf5 24. Rd2 Be4 25. Nc6 Ra8 26. Re1 Bf5 27. Re7 Rae8 28. Rde2 Rxe7 29. Rxe7 Bg6 30. h3 Qf5 31. Qb3 Qb1+ 32. Kh2 Qf5 33. Kg1 Qb1+ 34. Kh2 Qf5 35. Kg1 Qb1+ 1/2-1/2

[Event "Frauenbundesliga 2024-25"]
[Site "Germany"]
[Date "2025.02.15"]
[Round "5.2"]
[White "Koepke, Elena"]
[Black "Kiolbasa, Oliwia"]
[Result "1/2-1/2"]
[Annotator "ChessBase"]
[ECO "C47"]
[WhiteElo "2224"]
[BlackElo "2361"]
[PlyCount "156"]
[EventDate "2024.11.06"]
[EventType "team-tourn"]
[EventCountry "GER"]
[SourceTitle "playchess.com"]
[Source "ChessBase"]
[SourceQuality "1"]
[TimeControl "40/5400+30:1800+30"]

1. e4 e5 2. Nf3 Nc6 3. Nc3 Nf6 4. d4 exd4 5. Nxd4 Bb4 6. Nxc6 bxc6 7. Bd3 O-O 8. O-O Re8 9. Bg5 h6 10. Bh4 d5 11. exd5 g5 12. Bg3 cxd5 13. Nb5 Ba5 14. c3 Bd7 15. a4 a6 16. Nd4 Ne4 17. Bxe4 dxe4 18. Qh5 Qf6 19. Rfd1 Re7 20. Nc2 Bb6 21. Ne3 Bxe3 22. fxe3 Qb6 23. Qe2 a5 24. Rd4 Bf5 25. Rad1 Rae8 26. Be1 Bc8 27. c4 Ba6 28. Bc3 Re6 29. Qd2 Qb3 30. Ra1 c5 31. Rd8 Qb6 32. Rxe8+ Rxe8 33. Bxa5 Qb3 34. Bc3 Qxc4 35. Qd6 Qe6 36. Qxc5 Rd8 37. Qe5 Qxe5 38. Bxe5 Rd3 39. Re1 Rb3 40. Bc3 f5 41. Kf2 Kf7 42. a5 Ke6 43. Ra1 Rb7 44. Ra4 Rd7 45. Rb4 Rb7 46. Rd4 Rd7 47. Rxd7 Kxd7 48. Bg7 h5 49. Bh6 g4 50. Kg3 Bf1 51. Kh4 Bxg2 52. Kxh5 g3 53. hxg3 Kc6 54. Bf8 Kb5 55. Kg5 Bh3 56. b4 Ka6 57. Kf6 Bg4 58. Ke5 Bh3 59. Kd6 Bf1 60. Kc6 Bb5+ 61. Kc7 Be2 62. Bc5 Bf1 63. Bd4 Be2 64. Kd6 Bf1 65. Kd5 Bh3 66. Kc6 Bf1 67. Kd6 Be2 68. Kc5 Bf1 69. Be5 Be2 70. Kd5 Bg4 71. Bd6 Bh3 72. Kd4 Bg4 73. Ke5 Bh3 74. Kd4 Bg4 75. Kc5 Be2 76. Kc6 Bf1 77. Kd5 Bh3 78. Kd4 Bg4 1/2-1/2

[Event "Frauenbundesliga 2024-25"]
[Site "Germany"]
[Date "2025.02.15"]
[Round "5.2"]
[White "Pipiras, Filipa Fortuna"]
[Black "Unuk, Laura"]
[Result "1-0"]
[Annotator "ChessBase"]
[ECO "D31"]
[WhiteElo "2200"]
[BlackElo "2302"]
[PlyCount "109"]
[EventDate "2024.11.06"]
[EventType "team-tourn"]
[EventCountry "GER"]
[SourceTitle "playchess.com"]
[Source "ChessBase"]
[SourceQuality "1"]
[TimeControl "40/5400+30:1800+30"]

1. d4 d5 2. c4 e6 3. Nc3 a6 4. cxd5 exd5 5. Bf4 Nf6 6. e3 Bd6 7. Bxd6 Qxd6 8. Bd3 O-O 9. Nge2 Re8 10. O-O Nc6 11. Ng3 g6 12. Re1 Kg7 13. Qd2 h5 14. f3 Nb4 15. Bf1 h4 16. Nh1 c5 17. dxc5 Qxc5 18. Rac1 Nc6 19. Nf2 Qa7 20. Nxd5 Nxd5 21. Qxd5 Rxe3 22. Qg5 Rxe1 23. Rxe1 Be6 24. b3 h3 25. g4 Nd4 26. Qf4 Rc8 27. Rd1 Nc6 28. Bxh3 Qc5 29. Rc1 Qa3 30. Rc2 Rd8 31. Ne4 Rd1+ 32. Bf1 Qe7 33. Rd2 Rxd2 34. Qxd2 Bxg4 35. Qc3+ f6 36. Nxf6 Qxf6 37. Qxf6+ Kxf6 38. fxg4 Kg5 39. h3 Nb4 40. a4 Kf4 41. Kf2 g5 42. a5 Nc6 43. Bg2 Nxa5 44. b4 Nc6 45. Bxc6 bxc6 46. Kg2 Ke5 47. h4 gxh4 48. Kh3 c5 49. bxc5 a5 50. g5 a4 51. g6 Kf6 52. c6 a3 53. c7 a2 54. c8=Q a1=Q 55. Qh8+ 1-0

[Event "Frauenbundesliga 2024-25"]
[Site "Germany"]
[Date "2025.02.15"]
[Round "5.3"]
[White "Schneider, Jana"]
[Black "Dwilewicz, Katarzyna"]
[Result "0-1"]
[Annotator "ChessBase"]
[ECO "B40"]
[WhiteElo "2259"]
[BlackElo "2190"]
[PlyCount "68"]
[EventDate "2024.11.06"]
[EventType "team-tourn"]
[EventCountry "GER"]
[SourceTitle "playchess.com"]
[Source "ChessBase"]
[SourceQuality "1"]
[TimeControl "40/5400+30:1800+30"]

1. e4 c5 2. Nf3 e6 3. d3 Nc6 4. g3 Nf6 5. Bg2 h6 6. O-O e5 7. Nc3 Be7 8. Nd2 O-O 9. Nc4 d6 10. Ne3 Rb8 11. f4 exf4 12. gxf4 Nd4 13. Kh1 b5 14. Ncd5 Re8 15. c3 Ne6 16. Nxf6+ Bxf6 17. Qh5 b4 18. Bd2 bxc3 19. bxc3 Ba6 20. e5 g6 21. Qh3 Bg7 22. Nd5 Rb2 23. Rf2 Bc8 24. Qg3 Bb7 25. f5 Bxe5 26. Qh3 Bxd5 27. Bxd5 Rxd2 28. Rxd2 Nf4 29. Qf3 Kg7 30. d4 cxd4 31. cxd4 Qa5 32. dxe5 Qxd2 33. Rd1 Rxe5 34. fxg6 Re1+ 0-1

[Event "Frauenbundesliga 2024-25"]
[Site "Germany"]
[Date "2025.02.15"]
[Round "5.3"]
[White "Lach, Aleksandra"]
[Black "Trunz, Michelle"]
[Result "1-0"]
[Annotator "ChessBase"]
[ECO "B23"]
[WhiteElo "2205"]
[BlackElo "2161"]
[PlyCount "77"]
[EventDate "2024.11.06"]
[EventType "team-tourn"]
[EventCountry "GER"]
[SourceTitle "playchess.com"]
[Source "ChessBase"]
[SourceQuality "1"]
[TimeControl "40/5400+30:1800+30"]

1. e4 c5 2. Nc3 d6 3. f4 g6 4. Nf3 Bg7 5. Bc4 Nc6 6. O-O e6 7. d4 cxd4 8. Nb5 a6 9. Nbxd4 Nge7 10. Bb3 O-O 11. c3 Qc7 12. Kh1 b5 13. Qe1 Na5 14. Bc2 e5 15. Nb3 Nc4 16. f5 gxf5 17. exf5 f6 18. Nh4 Bb7 19. Nd2 Nb6 20. Ne4 d5 21. Ng3 Kf7 22. Qe2 Rh8 23. Qh5+ Kf8 24. Nf3 h6 25. Nxe5 Qxe5 26. Bf4 Nc6 27. Bxe5 Nxe5 28. Ne2 Rd8 29. Nd4 Bc8 30. a4 bxa4 31. Bxa4 Nbc4 32. Rae1 Nd2 33. Rf4 Ne4 34. Bc2 Nd6 35. Ne6+ Bxe6 36. fxe6 Ke7 37. Ra4 Ra8 38. Bb3 Kxe6 39. Qg4+ 1-0

[Event "Frauenbundesliga 2024-25"]
[Site "Germany"]
[Date "2025.02.15"]
[Round "5.3"]
[White "Otikova, Elina"]
[Black "Zatonskih, Anna"]
[Result "0-1"]
[Annotator "ChessBase"]
[ECO "D20"]
[WhiteElo "2092"]
[BlackElo "2302"]
[PlyCount "66"]
[EventDate "2024.11.06"]
[EventType "team-tourn"]
[EventCountry "GER"]
[SourceTitle "playchess.com"]
[Source "ChessBase"]
[SourceQuality "1"]
[TimeControl "40/5400+30:1800+30"]

1. e4 e6 2. d4 d5 3. exd5 exd5 4. Nf3 Bd6 5. c4 dxc4 6. Bxc4 Nf6 7. Nc3 O-O 8. O-O Nc6 9. h3 h6 10. a3 a6 11. Qd3 b5 12. Ba2 Ne7 13. Nh4 Bb7 14. Nf5 c5 15. Be3 c4 16. Nxe7+ Qxe7 17. Qc2 Bc7 18. Rad1 Qd6 19. f4 Rfe8 20. Qf2 Rad8 21. Bb1 Bb6 22. Kh2 Re7 23. Rfe1 Rde8 24. Qd2 Rxe3 25. Rxe3 Qxf4+ 26. Rg3 Qxd2 27. Rxd2 Bc7 28. d5 Bd6 29. Re2 Rxe2 30. Nxe2 Nh5 31. Be4 Nxg3 32. Nxg3 g5 33. Bf3 Kf8 0-1

[Event "Frauenbundesliga 2024-25"]
[Site "Germany"]
[Date "2025.02.15"]
[Round "5.4"]
[White "Kachiani-Gersinska, Ketino"]
[Black "Rath, Alina"]
[Result "1-0"]
[Annotator "ChessBase"]
[ECO "D30"]
[WhiteElo "2310"]
[BlackElo "2011"]
[PlyCount "97"]
[EventDate "2024.11.06"]
[EventType "team-tourn"]
[EventCountry "GER"]
[SourceTitle "playchess.com"]
[Source "ChessBase"]
[SourceQuality "1"]
[TimeControl "40/5400+30:1800+30"]

1. d4 d5 2. c4 e6 3. Nf3 c5 4. cxd5 exd5 5. g3 Nc6 6. Bg2 Nf6 7. O-O Be7 8. Be3 c4 9. b3 cxb3 10. Qxb3 Na5 11. Qd3 Nc4 12. Ne5 Nxe3 13. Qxe3 O-O 14. h3 Bf5 15. Qb3 Rb8 16. Nc3 Ne4 17. Rfc1 Nxc3 18. Rxc3 Be6 19. Rac1 Qa5 20. Nd3 Rfd8 21. Nc5 Qb6 22. Qa4 a6 23. e3 h6 24. Qd1 Qd6 25. Qb3 Bc8 26. Nd3 Be6 27. Nc5 Bc8 28. Bf1 b5 29. Nd3 Bb7 30. Nc5 Ba8 31. a4 b4 32. R3c2 a5 33. Na6 Rb6 34. Nc7 Bc6 35. Nb5 Qf6 36. Na7 Bb7 37. Nc8 Re6 38. Rc7 Bxc8 39. Rxc8 Red6 40. R8c5 R6d7 41. Rxa5 Qd6 42. Bg2 Qe6 43. Rb5 Bf8 44. h4 Kh8 45. a5 f5 46. h5 Qa6 47. Bf1 Qa8 48. Bd3 Rf7 49. Qb1 1-0

[Event "Frauenbundesliga 2024-25"]
[Site "Germany"]
[Date "2025.02.15"]
[Round "5.4"]
[White "Kulovana, Eva"]
[Black "Koehler, Inken"]
[Result "1/2-1/2"]
[Annotator "NA"]
[ECO "B42"]
[WhiteElo "2112"]
[BlackElo "2053"]
[PlyCount "82"]
[EventDate "2024.11.06"]
[EventType "team-tourn"]
[EventCountry "GER"]
[SourceTitle "playchess.com"]
[Source "ChessBase"]
[SourceQuality "1"]
[TimeControl "40/5400+30:1800+30"]

1. e4 c5 2. Nf3 e6 3. d4 cxd4 4. Nxd4 a6 5. Bd3 Qc7 6. O-O Nf6 7. Qe2 d6 8. c4 Nbd7 9. Nc3 Ne5 10. Kh1 b6 11. f4 Nxd3 12. Qxd3 Bb7 13. Bd2 Be7 14. f5 e5 15. Nc2 Rc8 16. Ne3 Qc5 17. Ned5 Qxc4 18. Nxf6+ gxf6 19. Qf3 b5 20. Rfe1 Rg8 21. Nd5 Qc2 22. Bc3 Bxd5 23. exd5 Rg5 24. Rf1 Rc4 25. Rf2 Qe4 26. Qxe4 Rxe4 27. Bd2 Rgg4 28. h3 Rg3 29. Rc1 Rc4 30. Rxc4 bxc4 31. Rf3 Rxf3 32. gxf3 Bd8 33. b3 cxb3 34. axb3 Bb6 35. Kg2 Kd7 36. Kf1 Kc7 37. Ke2 Bd4 38. Kd3 Kb6 39. Kc4 Bc5 40. Bh6 Bf2 41. Bf8 Kc7 1/2-1/2

[Event "Frauenbundesliga 2024-25"]
[Site "Germany"]
[Date "2025.02.15"]
[Round "5.4"]
[White "Valkova, Angelika"]
[Black "Kulon, Klaudia"]
[Result "0-1"]
[Annotator "ChessBase"]
[ECO "E10"]
[WhiteElo "2003"]
[BlackElo "2393"]
[PlyCount "70"]
[EventDate "2024.11.06"]
[EventType "team-tourn"]
[EventCountry "GER"]
[SourceTitle "playchess.com"]
[Source "ChessBase"]
[SourceQuality "1"]
[TimeControl "40/5400+30:1800+30"]

1. d4 Nf6 2. c4 Nc6 3. Nf3 e6 4. a3 d6 5. Nc3 g6 6. d5 exd5 7. cxd5 Ne7 8. e4 Bg7 9. e5 dxe5 10. Bb5+ Bd7 11. Bc4 O-O 12. Bg5 h6 13. Bxf6 Bxf6 14. Ne4 Bg7 15. d6 Nf5 16. dxc7 Qxc7 17. Rc1 Bc6 18. Nfd2 Rad8 19. Qg4 Rd4 20. O-O Kh8 21. Qe2 Qd7 22. f3 Qe7 23. Nb3 Rdd8 24. Qf2 b6 25. Rfd1 h5 26. g3 Bh6 27. Re1 Bxc1 28. Rxc1 Nd4 29. Nbd2 f5 30. Nc3 Qg5 31. Rd1 h4 32. a4 Kg7 33. Bf1 hxg3 34. hxg3 Qxd2 35. Rxd2 Nxf3+ 0-1

[Event "Frauenbundesliga 2024-25"]
[Site "Germany"]
[Date "2025.02.15"]
[Round "5.5"]
[White "Cyfka, Karina"]
[Black "Gheng, Simona"]
[Result "1-0"]
[Annotator "ChessBase"]
[ECO "D00"]
[WhiteElo "2366"]
[BlackElo "1968"]
[PlyCount "71"]
[EventDate "2024.11.06"]
[EventType "team-tourn"]
[EventCountry "GER"]
[SourceTitle "playchess.com"]
[Source "ChessBase"]
[SourceQuality "1"]
[TimeControl "40/5400+30:1800+30"]

1. d4 d5 2. Nc3 Nf6 3. Bf4 e6 4. e3 Bd6 5. Qf3 a6 6. g4 Bxf4 7. Qxf4 Qd6 8. Qxd6 cxd6 9. f3 h6 10. Bd3 Nc6 11. O-O-O b5 12. h4 Bb7 13. Nge2 Ke7 14. g5 hxg5 15. hxg5 Nd7 16. Nf4 Nb4 17. Be2 Nb6 18. a3 Nc6 19. g6 Rxh1 20. Rxh1 Nc4 21. Ncxd5+ exd5 22. Nxd5+ Ke6 23. Bxc4 bxc4 24. Nc7+ Kf6 25. Nxa8 Bxa8 26. Rh8 Bb7 27. gxf7 Kxf7 28. d5 Ne7 29. e4 Ng8 30. Kd2 a5 31. Kc3 Ba6 32. Kd4 Bb5 33. f4 g5 34. fxg5 Kg7 35. Rh2 Ne7 36. Rf2 1-0

[Event "Frauenbundesliga 2024-25"]
[Site "Germany"]
[Date "2025.02.15"]
[Round "5.5"]
[White "Brandt, Carina"]
[Black "Trunz, Elena"]
[Result "0-1"]
[Annotator "NA"]
[ECO "B23"]
[WhiteElo "2070"]
[BlackElo "2089"]
[PlyCount "96"]
[EventDate "2024.11.06"]
[EventType "team-tourn"]
[EventCountry "GER"]
[SourceTitle "playchess.com"]
[Source "ChessBase"]
[SourceQuality "1"]
[TimeControl "40/5400+30:1800+30"]

1. e4 c5 2. Nc3 d6 3. d4 cxd4 4. Qxd4 Nc6 5. Qd2 Nf6 6. b3 e6 7. Bb2 d5 8. exd5 exd5 9. O-O-O Be6 10. f4 Bb4 11. Qd3 Qa5 12. Nge2 O-O-O 13. a4 Ne4 14. Qf3 g6 15. Nb5 Rhe8 16. c3 Bf8 17. Ned4 Bd7 18. Nc2 a6 19. Nbd4 Bh6 20. Kb1 Kb8 21. h3 Rc8 22. Nxc6+ bxc6 23. Nb4 Bg7 24. g4 Nc5 25. Ka2 Re7 26. Rh2 Rce8 27. Re2 Rxe2 28. Bxe2 Qb6 29. Qf2 Kb7 30. Ba3 a5 31. Rb1 axb4 32. Bxb4 Ne4 33. Qf3 Nd2 34. Qd3 Nxb1 35. Kxb1 Re3 36. Qd2 Rxh3 37. a5 Qg1+ 38. Kc2 Rh1 39. a6+ Ka8 40. Kd3 Rh3+ 41. Kc2 Rh1 42. Kd3 Qb1+ 43. Qc2 Qxc2+ 44. Kxc2 Rh4 45. c4 Bxg4 46. Bf1 Bf5+ 47. Kd1 Rxf4 48. Bg2 Be4 0-1

[Event "Frauenbundesliga 2024-25"]
[Site "Germany"]
[Date "2025.02.15"]
[Round "5.5"]
[White "Giebel, Christine"]
[Black "Heinemann, Josefine"]
[Result "0-1"]
[Annotator "ChessBase"]
[ECO "B50"]
[WhiteElo "1874"]
[BlackElo "2294"]
[PlyCount "48"]
[EventDate "2024.11.06"]
[EventType "team-tourn"]
[EventCountry "GER"]
[SourceTitle "playchess.com"]
[Source "ChessBase"]
[SourceQuality "1"]
[TimeControl "40/5400+30:1800+30"]

1. e4 c5 2. Nf3 d6 3. Bc4 Nf6 4. d3 e6 5. Bb3 Be7 6. c3 O-O 7. O-O Nc6 8. Re1 e5 9. Nbd2 h6 10. Nf1 Re8 11. Ng3 Bf8 12. Nh4 d5 13. exd5 Nxd5 14. Nhf5 Be6 15. Bc2 Qd7 16. Ne3 Rad8 17. Qf3 Nf4 18. d4 cxd4 19. Qe4 g6 20. cxd4 f5 21. Qf3 Nxd4 22. Qd1 Qc6 23. Bd2 Nxc2 24. Nxc2 Qxg2# 0-1

[Event "Frauenbundesliga 2024-25"]
[Site "Germany"]
[Date "2025.02.15"]
[Round "5.6"]
[White "Tammert, Iamze"]
[Black "Schuster, Rebekka"]
[Result "1-0"]
[Annotator "ChessBase"]
[ECO "A92"]
[WhiteElo "2228"]
[BlackElo "1825"]
[PlyCount "85"]
[EventDate "2024.11.06"]
[EventType "team-tourn"]
[EventCountry "GER"]
[SourceTitle "playchess.com"]
[Source "ChessBase"]
[SourceQuality "1"]
[TimeControl "40/5400+30:1800+30"]

1. c4 e6 2. Nf3 f5 3. Nc3 Nf6 4. d4 Be7 5. g3 O-O 6. Bg2 Ne4 7. Qb3 Nc6 8. O-O Nxc3 9. Qxc3 Bf6 10. Rd1 d6 11. Qb3 Ne7 12. Bg5 Ng6 13. Bxf6 Qxf6 14. e3 e5 15. c5+ Kh8 16. cxd6 cxd6 17. Rac1 f4 18. dxe5 dxe5 19. exf4 exf4 20. Qc3 Qb6 21. Qd4 Bg4 22. Rd3 Bxf3 23. Qxb6 axb6 24. Rxf3 Rxa2 25. Rb3 fxg3 26. hxg3 Ne5 27. Bxb7 h6 28. Rc7 b5 29. Rc5 Nc4 30. Rcxb5 Nd6 31. Rb6 Nc4 32. R6b4 Na5 33. Rc3 Nxb7 34. Rxb7 Ra6 35. Rc2 Raf6 36. b4 Kg8 37. b5 Rg6 38. b6 Rff6 39. Rb8+ Kf7 40. Rc7+ Ke6 41. Re8+ Kd6 42. Rd8+ Ke5 43. b7 1-0

[Event "Frauenbundesliga 2024-25"]
[Site "Germany"]
[Date "2025.02.15"]
[Round "5.6"]
[White "Moeller, Lisa-Marie"]
[Black "Rosmait, Emily"]
[Result "0-1"]
[Annotator "NA"]
[ECO "C29"]
[WhiteElo "1966"]
[BlackElo "1954"]
[PlyCount "156"]
[EventDate "2024.11.06"]
[EventType "team-tourn"]
[EventCountry "GER"]
[SourceTitle "playchess.com"]
[Source "ChessBase"]
[SourceQuality "1"]
[TimeControl "40/5400+30:1800+30"]

1. e4 e5 2. Nc3 Nf6 3. f4 d5 4. fxe5 Nxe4 5. Qf3 Nxc3 6. bxc3 Be7 7. d4 c5 8. Bb5+ Nc6 9. Ne2 O-O 10. O-O cxd4 11. cxd4 Nxe5 12. dxe5 Qb6+ 13. Kh1 Qxb5 14. Nc3 Qc4 15. Nxd5 Bc5 16. Bg5 Qg4 17. Ne7+ Bxe7 18. Bxe7 Qxf3 19. Rxf3 Re8 20. Bd6 Be6 21. Kg1 Rec8 22. c3 Rc4 23. Kf2 Rac8 24. Bb4 h6 25. a4 Re4 26. Re3 Rf4+ 27. Kg3 Rcc4 28. a5 h5 29. h3 Bd5 30. Rd1 Bc6 31. Rd2 Rce4 32. Rxe4 Rxe4 33. Bd6 Re3+ 34. Kh4 Rxc3 35. Kxh5 Rc4 36. g4 Ra4 37. Bc7 Kf8 38. Kg5 Ke7 39. Rd3 Bd7 40. Rb3 Bc8 41. Rd3 Rc4 42. Bd6+ Ke6 43. Rf3 Re4 44. Bb8 Bd7 45. Rd3 Bc6 46. a6 Bd5 47. axb7 Bxb7 48. Ra3 a6 49. Rb3 Bc8 50. Rc3 Bd7 51. Rd3 a5 52. Rd6+ Ke7 53. Ra6 a4 54. Bd6+ Kd8 55. Ra8+ Bc8 56. Ra5 Be6 57. Bf8 g6 58. Bd6 Kd7 59. Ra6 Bb3 60. Kh4 Re3 61. Rb6 Rf3 62. Ra6 Ke6 63. Ra5 f6 64. Bb8 g5+ 65. Kh5 Rxh3+ 66. Kg6 Bc2+ 67. Kg7 Rh7+ 68. Kg8 Rb7 69. Bd6 Bd1 70. exf6 Kxd6 71. f7 Bb3 72. Rxa4 Rxf7 73. Ra6+ Ke5 74. Kh8 Kf4 75. Rb6 Bd5 76. Rb4+ Kg3 77. Rb5 Rd7 78. Rb4 Bf3 0-1

[Event "Frauenbundesliga 2024-25"]
[Site "Germany"]
[Date "2025.02.15"]
[Round "5.6"]
[White "Lukas, Olivia"]
[Black "Savina, Anastasia"]
[Result "0-1"]
[Annotator "ChessBase"]
[ECO "B22"]
[WhiteElo "1444"]
[BlackElo "2324"]
[PlyCount "50"]
[EventDate "2024.11.06"]
[EventType "team-tourn"]
[EventCountry "GER"]
[SourceTitle "playchess.com"]
[Source "ChessBase"]
[SourceQuality "1"]
[TimeControl "40/5400+30:1800+30"]

1. e4 c5 2. c3 Nf6 3. e5 Nd5 4. Nf3 Nc6 5. Bc4 Nb6 6. Bb3 c4 7. Bc2 d6 8. exd6 Qxd6 9. O-O g6 10. Re1 Bg7 11. b3 O-O 12. Ba3 Qc7 13. Be4 Re8 14. Qc2 Bd7 15. h4 Rad8 16. h5 f5 17. hxg6 hxg6 18. Bxc6 Bxc6 19. Ng5 Qf4 20. Ne6 Qg4 21. f3 Bxf3 22. d4 cxd3 23. Qf2 Bxg2 24. Nxd8 Be4+ 25. Kf1 Qh3+ 0-1